Red Wings vs Predators
(R1)
Created - May 17, 2019 at 23:37
Goals
|
Red Wings |
0 |
2 |
0 |
2 |
Predators |
1 |
3 |
2 |
6 |
|
Shots
|
Red Wings |
7 |
11 |
7 |
25 |
Predators |
3 |
12 |
19 |
34 |
|
1st period
1. Predators , Ryan Kesler 4 (Alexander Edler 4, Ryan Mcdonagh 4) at 12:52
Penalties :
Ryan O'Byrne (Det) for Cross-checking (Minor) at 15:27
2nd period
2. Predators , Ryan Kesler 5 (Ryan Mcdonagh 5, Mikael Granlund 4) at 4:58
3. Predators , Mikael Granlund 2 (Niclas Bergfors 6, Alexander Ovechkin 6) at 7:23
4. Red Wings , Anton Volchenkov 1 (Alex Picard 4, Jiri Fischer 3) at 7:39
5. Red Wings , Alex Picard 2 (Tim Connolly 1) at 8:21 (PP)
6. Predators , Mikael Granlund 3 (Alexander Edler 5, Alexander Ovechkin 7) at 11:38
Penalties :
Byron Bitz (Nas) for Tripping (Minor) at 7:42, Alexander Edler (Nas) for Interference (Minor) at 7:48, Philip Samuelsson (Det) for Hooking (Minor) at 9:17, Michal Rozsival (Nas) for Tripping (Minor) at 17:13
3rd period
7. Predators , Mikael Granlund 4 (Alexander Ovechkin 8, Niclas Bergfors 7) at 3:28
8. Predators , Mikael Granlund 5 (Niclas Bergfors 8, Alexander Ovechkin 9) at 17:29
Penalties :
Mikael Granlund (Nas) for Tripping (Minor) at 14:02, Byron Bitz (Nas) for Hooking (Minor) at 18:14
Goalie Stats
Josh Harding (Det), 18 saves from 23 shots - (0.783), L, 1-1-0, 43:28 minutes
James Reimer (Det), 10 saves from 11 shots - (0.909), 16:32 minutes
Viktor Fasth (Nas), 23 saves from 25 shots - (0.920), W, 4-1-0, 60:00 minutes
Players Stats for Red Wings
Player Name G A P +/- PIM S H SB GA TA FO MP PP MP PK MP
------------------------------------------------------------------------------------
Ales Hemsky 0 0 0 -2 0 0 0 1 0 1 0/1 17:16 3:57 0:02
Alex Picard 1 1 2 -4 0 5 2 1 2 0 1/2 23:34 3:19 2:00
Anton Volchenkov 1 0 1 1 0 3 0 0 0 0 0/0 12:00 0:00 1:23
Brent Seabrook 0 0 0 -3 0 0 3 1 0 0 0/0 20:44 2:14 0:45
Carson Mcmillan 0 0 0 0 0 1 0 0 0 0 0/0 8:56 0:00 1:18
Chris Kelly 0 0 0 -1 0 4 1 0 0 0 3/4 17:36 3:35 1:18
Jiri Fischer 0 1 1 0 0 1 0 1 0 0 0/0 17:33 0:00 2:00
Jiri Hudler 0 0 0 -1 0 3 2 1 0 0 0/0 18:13 0:00 0:00
Lubomir Visnovsky 0 0 0 0 0 0 1 0 0 1 0/0 5:17 0:00 1:23
Michael Haley 0 0 0 -1 0 1 3 2 0 1 0/0 13:21 0:00 0:08
Oleg Saprykin 0 0 0 -1 0 0 1 2 0 0 4/5 15:10 0:59 1:57
Ole-Kristian Tollefsen 0 0 0 -2 0 1 1 0 0 1 0/0 21:00 5:04 0:00
Philip Samuelsson 0 0 0 -3 2 3 1 0 0 2 0/0 22:58 5:03 0:31
Ryan O'Byrne 0 0 0 -4 2 0 1 1 0 1 0/0 21:23 2:14 0:54
Sean Bergenheim 0 0 0 0 0 0 0 1 0 0 0/0 0:36 0:00 0:00
Tim Connolly 0 1 1 -1 0 1 1 1 0 0 5/14 19:17 2:46 0:00
Tyler Seguin 0 0 0 -2 0 1 2 2 0 0 7/23 21:32 3:57 0:13
Tyler Toffoli 0 0 0 -1 0 1 1 0 0 0 0/0 19:34 3:21 0:00
Players Stats for Predators
Player Name G A P +/- PIM S H SB GA TA FO MP PP MP PK MP
------------------------------------------------------------------------------------
Alexander Edler 0 2 2 3 2 3 1 0 0 0 0/0 24:59 2:24 2:51
Alexander Ovechkin 0 4 4 4 0 6 2 1 1 0 1/1 21:50 2:38 1:56
Alexander Steen 0 0 0 0 0 0 3 0 1 0 0/0 10:53 0:00 0:33
Andy Miele 0 0 0 0 0 0 2 0 1 0 1/2 11:32 0:00 1:12
Brendan Gallagher 0 0 0 0 0 0 1 0 0 0 1/2 12:51 0:00 2:25
Byron Bitz 0 0 0 1 4 4 3 2 0 0 0/0 17:06 0:50 2:35
Chris Lawrence 0 0 0 0 0 2 0 0 0 0 0/0 7:55 0:00 0:00
Dmitri Kalinin 0 0 0 1 0 0 0 2 0 0 0/0 14:19 0:00 1:32
James Van Riemsdyk 0 0 0 1 0 2 2 1 0 0 0/0 14:26 0:50 0:00
John Moore 0 0 0 1 0 2 5 1 0 0 0/0 20:32 1:04 4:09
Justin Abdelkader 0 0 0 0 0 2 0 0 1 0 0/0 7:55 0:00 0:00
Michal Rozsival 0 0 0 2 2 0 1 1 0 0 0/0 17:04 1:29 1:54
Mikael Granlund 4 1 5 4 2 6 3 1 0 1 14/20 19:43 2:19 0:00
Niclas Bergfors 0 3 3 3 0 2 2 1 2 0 1/2 17:27 1:09 0:00
Ryan Kesler 2 0 2 1 0 3 0 0 1 1 11/22 18:19 1:09 3:35
Ryan Mcdonagh 0 2 2 3 0 1 1 2 0 0 0/0 27:25 2:24 4:09
Ryan Murray 0 0 0 1 0 1 3 0 0 0 0/0 17:36 1:04 0:00
Scott Laughton 0 0 0 0 0 0 0 0 0 0 0/0 9:42 0:00 1:47
3 Stars
1 - Mikael Granlund (Nas)
2 - Alexander Ovechkin (Nas)
3 - Niclas Bergfors (Nas)
Power Play
Red Wings - 1 on 5 Attempt(s) - 20.00%
Predators - 0 on 2 Attempt(s) - 0.00%
Penalty Kill
Red Wings - 2 on 2 Attempt(s) - 100.00%
- Score 0 goal in Penalty Kill
Predators - 4 on 5 Attempt(s) - 80.00%
- Score 0 goal in Penalty Kill
Team Stat
Red Wings - Hits : 20 - Faceoff Wins : 20 - Blocked Shots : 14 - Penalty Minutes : 4
Predators - Hits : 29 - Faceoff Wins : 29 - Blocked Shots : 12 - Penalty Minutes : 10
Official
Referees : Unknown
Linesman : Unknown
Game Notes
Sean Bergenheim is injured at 1:36 of 1st period (Broken Nose)
7:39 of 2nd period - Red Wings goal is going for a video replay. After video review, Goal.
Mikael Granlund has scored a Hat Trick!
James Reimer enters game at 3:28 of 3rd period
Finance
Level 1 -- Attendance: 6000 (100.00%) -- Ticket Income $540,000
Level 2 -- Attendance: 5000 (100.00%) -- Ticket Income $280,000
Level 3 -- Attendance: 2000 (100.00%) -- Ticket Income $72,000
Level 4 -- Attendance: 3912 (97.80%) -- Ticket Income $109,536
Luxury Box -- Attendance: 864 (86.40%) -- Ticket Income $151,200
Game was played at the Wildcat center.
Total Attendance: 17776 (98.76%)
Total Ticket Income: $1,152,736
Other Income: $172,910
Total Income: $1,325,646
Red Wings
5 vs 5 Forward
Center Left Wing Right Wing Time % Phy DF OF
1 Tim Connolly Sean Bergenheim Tyler Toffoli 38 0 2 3
2 Tyler Seguin Alex Picard Ales Hemsky 37 0 2 3
3 Chris Kelly Michael Haley Jiri Hudler 17 0 3 2
4 Oleg Saprykin Jiri Hudler Carson Mcmillan 8 1 2 2
5 vs 5 Defense
Defense Defense Time % Phy DF OF
1 Brent Seabrook Ryan O'Byrne 35 0 3 2
2 Ole-Kristian Tollefsen Philip Samuelsson 35 0 3 2
3 Anton Volchenkov Jiri Fischer 20 0 3 2
4 Lubomir Visnovsky Jiri Fischer 10 0 3 2
PowerPlay Forward
Center Left Wing Right Wing Time % Phy DF OF
1 Tyler Seguin Sean Bergenheim Ales Hemsky 55 0 1 4
2 Tim Connolly Alex Picard Tyler Toffoli 45 0 1 4
PowerPlay Defense
Defense Defense Time % Phy DF OF
1 Philip Samuelsson Ole-Kristian Tollefsen 60 0 2 3
2 Ryan O'Byrne Brent Seabrook 40 0 2 3
Penalty Kill 4 Players Forward
Center Wing Time % Phy DF OF
1 Oleg Saprykin Sean Bergenheim 50 1 2 2
2 Chris Kelly Carson Mcmillan 50 1 2 2
Penalty Kill 4 Players Defense
Defense Defense Time % Phy DF OF
1 Lubomir Visnovsky Anton Volchenkov 50 1 2 2
2 Jiri Fischer Ryan O'Byrne 50 1 2 2
Penalty Kill - 3 Players Forward
Forward Time % Phy DF OF
1 Carson Mcmillan 60 1 2 2
2 Oleg Saprykin 40 1 2 2
Penalty Kill - 3 Players Defense
Defense Defense Time % Phy DF OF
1 Lubomir Visnovsky Anton Volchenkov 50 1 2 2
2 Jiri Fischer Ryan O'Byrne 50 1 2 2
4 vs 4 Forward
Center Wing Time % Phy DF OF
1 Tyler Seguin Ales Hemsky 60 1 2 2
2 Tim Connolly Sean Bergenheim 40 1 2 2
4 vs 4 Defense
Defense Defense Time % Phy DF OF
1 Ryan O'Byrne Brent Seabrook 60 1 2 2
2 Ole-Kristian Tollefsen Philip Samuelsson 40 1 2 2
Last Minutes Offensive
Center Left Wing Right Wing Defense Defense
Tyler Seguin Sean Bergenheim Tim Connolly Ole-Kristian Tollefsen Philip Samuelsson
Last Minutes Defensive
Center Left Wing Right Wing Defense Defense
Oleg Saprykin Sean Bergenheim Carson Mcmillan Ryan O'Byrne Lubomir Visnovsky
Goaltenders
Starting : Josh Harding
Backup : James Reimer
Extra Forwards
Normal : Sean Bergenheim, Tim Connolly, Tyler Seguin - PP : Chris Kelly, Alex Picard - PK : Sean Bergenheim
Extra Defensemen
Normal : Brent Seabrook, Philip Samuelsson, Ryan O'Byrne - PP : Ryan O'Byrne - PK : Philip Samuelsson, Ole-Kristian Tollefsen
Penalty Shots
Carson Mcmillan, Tyler Seguin, Tim Connolly, Sean Bergenheim, Alex Picard
Scratches
Adam Henrique (Abdomen/Ribs Injury), Shawn Horcoff (Healthy)
Predators
5 vs 5 Forward
Center Left Wing Right Wing Time % Phy DF OF
1 Mikael Granlund Alexander Ovechkin Niclas Bergfors 40 0 1 3
2 Ryan Kesler James Van Riemsdyk Byron Bitz 30 1 1 3
3 Andy Miele Alexander Steen Brendan Gallagher 20 2 1 2
4 Scott Laughton Justin Abdelkader Chris Lawrence 10 1 2 2
5 vs 5 Defense
Defense Defense Time % Phy DF OF
1 Ryan Mcdonagh Alexander Edler 40 1 2 2
2 John Moore Ryan Murray 30 1 2 2
3 Michal Rozsival Dmitri Kalinin 20 1 3 1
4 Ryan Mcdonagh Alexander Edler 10 1 3 1
PowerPlay Forward
Center Left Wing Right Wing Time % Phy DF OF
1 Ryan Kesler Alexander Ovechkin Niclas Bergfors 60 1 1 3
2 Mikael Granlund James Van Riemsdyk Byron Bitz 40 1 1 3
PowerPlay Defense
Defense Defense Time % Phy DF OF
1 Ryan Mcdonagh Alexander Edler 51 1 2 2
2 Ryan Murray John Moore 49 1 2 2
Penalty Kill 4 Players Forward
Center Wing Time % Phy DF OF
1 Ryan Kesler Byron Bitz 60 1 3 1
2 Andy Miele Brendan Gallagher 40 1 3 1
Penalty Kill 4 Players Defense
Defense Defense Time % Phy DF OF
1 Ryan Mcdonagh Alexander Edler 60 1 3 1
2 John Moore Michal Rozsival 40 1 3 1
Penalty Kill - 3 Players Forward
Forward Time % Phy DF OF
1 Byron Bitz 60 1 3 1
2 Alexander Ovechkin 40 1 3 1
Penalty Kill - 3 Players Defense
Defense Defense Time % Phy DF OF
1 Ryan Mcdonagh Alexander Edler 60 1 3 1
2 John Moore Michal Rozsival 40 1 3 1
4 vs 4 Forward
Center Wing Time % Phy DF OF
1 Mikael Granlund Alexander Ovechkin 60 1 2 2
2 Andy Miele Niclas Bergfors 40 1 2 2
4 vs 4 Defense
Defense Defense Time % Phy DF OF
1 Ryan Mcdonagh Alexander Edler 60 1 2 2
2 John Moore Michal Rozsival 40 1 2 2
Last Minutes Offensive
Center Left Wing Right Wing Defense Defense
Mikael Granlund Alexander Ovechkin Niclas Bergfors Ryan Mcdonagh Alexander Edler
Last Minutes Defensive
Center Left Wing Right Wing Defense Defense
Ryan Kesler Alexander Ovechkin Byron Bitz Ryan Mcdonagh Alexander Edler
Goaltenders
Starting : Viktor Fasth
Backup : Anders Lindback
Extra Forwards
Normal : Alexander Steen, Brendan Gallagher, Scott Laughton - PP : Alexander Steen, Brendan Gallagher - PK : Brendan Gallagher
Extra Defensemen
Normal : Michal Rozsival, Ryan Murray, John Moore - PP : Dmitri Kalinin - PK : John Moore, Dmitri Kalinin
Penalty Shots
Alexander Ovechkin, Niclas Bergfors, Ryan Kesler, Andy Miele, Justin Abdelkader
Scratches
Adam Burish (Suspend), Chad Johnson (Healthy)
% Time on Ice - Red Wings
Lines # - Real PCT - Wanted PCT - Time Play
Normal Forward
1 - 37% - 38% - 18:00
2 - 24% - 37% - 11:33
3 - 24% - 17% - 11:56
4 - 15% - 8% - 7:15
Normal Defense
1 - 36% - 35% - 17:19
2 - 36% - 35% - 17:26
3 - 21% - 20% - 10:05
4 - 8% - 10% - 3:54
PP Forward
1 - 62% - 55% - 4:32
2 - 38% - 45% - 2:46
PP Defense
1 - 69% - 60% - 5:04
2 - 31% - 40% - 2:14
PK Forward
1 - 63% - 50% - 2:10
2 - 38% - 50% - 1:18
PK Defense
1 - 42% - 50% - 1:28
2 - 58% - 50% - 2:00
PK3 Forward
1 - 0% - 60%
2 - 0% - 40%
PK3 Defense
1 - 0% - 50%
2 - 0% - 50%
44 Forward
1 - 100% - 60% - 0:30
2 - 0% - 40% - 0:00
44 Defense
1 - 100% - 60% - 0:30
2 - 0% - 40% - 0:00
Last Minute Offensive - 0:00
Last Minute Defensive - 0:00
Total
Forward - 60:00
Defense - 60:00
|
% Time on Ice - Predators
Lines # - Real PCT - Wanted PCT - Time Play
Normal Forward
1 - 35% - 40% - 16:53
2 - 28% - 30% - 13:36
3 - 21% - 20% - 10:20
4 - 16% - 10% - 7:55
Normal Defense
1 - 39% - 40% - 18:50
2 - 32% - 30% - 15:27
3 - 26% - 20% - 12:35
4 - 4% - 10% - 1:52
PP Forward
1 - 76% - 60% - 2:38
2 - 24% - 40% - 0:50
PP Defense
1 - 69% - 51% - 2:24
2 - 31% - 49% - 1:04
PK Forward
1 - 82% - 60% - 5:33
2 - 18% - 40% - 1:12
PK Defense
1 - 53% - 60% - 3:36
2 - 47% - 40% - 3:09
PK3 Forward
1 - 100% - 60% - 0:33
2 - 0% - 40% - 0:00
PK3 Defense
1 - 100% - 60% - 0:33
2 - 0% - 40% - 0:00
44 Forward
1 - 100% - 60% - 0:30
2 - 0% - 40% - 0:00
44 Defense
1 - 100% - 60% - 0:30
2 - 0% - 40% - 0:00
Last Minute Offensive - 0:00
Last Minute Defensive - 0:00
Total
Forward - 60:00
Defense - 60:00
|
Play-by-Play
1st period
0:01 of 1st period - Mikael Granlund wins face-off versus Tim Connolly in neutral zone.
0:04 of 1st period - Wrist shot by Alexander Ovechkin.
0:04 of 1st period - Stopped by Josh Harding without a rebound.
0:05 of 1st period - Mikael Granlund wins face-off versus Tim Connolly in Red Wings zone.
0:34 of 1st period - Snap shot by Tyler Seguin.
0:34 of 1st period - Shot Blocked by Byron Bitz.
1:36 of 1st period - Snap shot by Alexander Ovechkin.
1:36 of 1st period - Shot Blocked by Sean Bergenheim.
1:36 of 1st period - Sean Bergenheim from Red Wings is injured at 1:36 of 1st period (Broken Nose).
1:37 of 1st period - Tyler Seguin wins face-off versus Ryan Kesler in Red Wings zone.
2:08 of 1st period - Snap shot by Alex Picard.
2:08 of 1st period - Deflect By Tyler Seguin.
2:08 of 1st period - Stopped by Viktor Fasth with a rebound.
2:36 of 1st period - Snap shot by Tim Connolly.
2:36 of 1st period - Stopped by Viktor Fasth without a rebound.
2:37 of 1st period - Tim Connolly wins face-off versus Ryan Kesler in Predators zone.
2:38 of 1st period - Slapshot by Alex Picard.
2:38 of 1st period - Stopped by Viktor Fasth without a rebound.
2:39 of 1st period - Tim Connolly wins face-off versus Ryan Kesler in Predators zone.
2:56 of 1st period - Philip Samuelsson is hit by John Moore and loses puck.
3:11 of 1st period - John Moore is hit by Philip Samuelsson and loses puck.
6:32 of 1st period - Jiri Fischer is hit by Mikael Granlund and loses puck.
6:50 of 1st period - Ryan Kesler is hit by Michael Haley and loses puck.
7:09 of 1st period - Jiri Fischer is hit by Alexander Steen and loses puck.
7:21 of 1st period - Slapshot by Alexander Edler.
7:21 of 1st period - Shot Misses the Net.
7:47 of 1st period - Tim Connolly is hit by Mikael Granlund and loses puck.
7:56 of 1st period - Wrist shot by Niclas Bergfors.
7:56 of 1st period - Shot Blocked by Oleg Saprykin.
8:45 of 1st period - Philip Samuelsson is hit by Andy Miele and loses puck.
9:10 of 1st period - Michael Haley is hit by Byron Bitz and loses puck.
9:19 of 1st period - Byron Bitz is hit by Ole-Kristian Tollefsen and loses puck.
9:28 of 1st period - Snap shot by Jiri Hudler.
9:28 of 1st period - Stopped by Viktor Fasth with a rebound.
9:42 of 1st period - Snap shot by Jiri Hudler.
9:42 of 1st period - Stopped by Viktor Fasth without a rebound.
9:43 of 1st period - Mikael Granlund wins face-off versus Tyler Seguin in Predators zone.
9:55 of 1st period - Snap shot by Alex Picard.
9:55 of 1st period - Stopped by Viktor Fasth with a rebound.
10:40 of 1st period - Tim Connolly is hit by Niclas Bergfors and loses puck.
11:07 of 1st period - Oleg Saprykin is hit by James Van Riemsdyk and loses puck.
11:12 of 1st period - Snap shot by Ryan Kesler.
11:12 of 1st period - Shot Blocked by Brent Seabrook.
11:24 of 1st period - Michal Rozsival is hit by Brent Seabrook and loses puck.
11:58 of 1st period - Wrist shot by Justin Abdelkader.
11:58 of 1st period - Stopped by Josh Harding with a rebound.
12:24 of 1st period - Carson Mcmillan is hit by Alexander Steen and loses puck.
12:52 of 1st period - Slapshot by Ryan Kesler.
12:52 of 1st period - Goal by Ryan Kesler - Red Wings : 0 - Predators : 1.
12:53 of 1st period - Oleg Saprykin wins face-off versus Mikael Granlund in neutral zone.
12:56 of 1st period - Slapshot by Ole-Kristian Tollefsen.
12:56 of 1st period - Shot Blocked by Dmitri Kalinin.
13:00 of 1st period - Wrist shot by Carson Mcmillan.
13:00 of 1st period - Shot Misses the Net.
13:22 of 1st period - Wrist shot by Alex Picard.
13:22 of 1st period - Stopped by Viktor Fasth with a rebound.
13:30 of 1st period - Wrist shot by Ales Hemsky.
13:30 of 1st period - Shot Blocked by Dmitri Kalinin.
13:33 of 1st period - Icing by Byron Bitz.
13:34 of 1st period - Ryan Kesler wins face-off versus Tim Connolly in Predators zone.
15:08 of 1st period - Ole-Kristian Tollefsen is hit by Alexander Ovechkin and loses puck.
15:24 of 1st period - Icing by Alexander Edler.
15:25 of 1st period - Alex Picard wins face-off versus Andy Miele in Predators zone.
15:27 of 1st period - Minor Penalty to Ryan O'Byrne for Cross-checking.
15:28 of 1st period - Oleg Saprykin wins face-off versus Ryan Kesler in Red Wings zone.
16:06 of 1st period - Snap shot by Mikael Granlund.
16:06 of 1st period - Shot Misses the Net.
17:16 of 1st period - Carson Mcmillan is hit by Niclas Bergfors and loses puck.
17:27 of 1st period - Penalty to Ryan O'Byrne is over, Ryan O'Byrne is back on ice.
18:01 of 1st period - Snap shot by Chris Lawrence.
18:01 of 1st period - Shot Misses the Net.
Goals for this period are 0 for Red Wings vs 1 for Predators.
Shots for this period are 7 for Red Wings vs 3 for Predators.
2nd period
0:01 of 2nd period - Tyler Seguin wins face-off versus Mikael Granlund in neutral zone.
0:04 of 2nd period - Snap shot by Alexander Ovechkin.
0:04 of 2nd period - Stopped by Josh Harding without a rebound.
0:05 of 2nd period - Niclas Bergfors wins face-off versus Tyler Seguin in Red Wings zone.
0:12 of 2nd period - Wrist shot by Mikael Granlund.
0:12 of 2nd period - Stopped by Josh Harding with a rebound.
0:14 of 2nd period - Wrist shot by Alexander Ovechkin.
0:14 of 2nd period - Stopped by Josh Harding with a rebound.
0:16 of 2nd period - Snap shot by Niclas Bergfors.
0:16 of 2nd period - Stopped by Josh Harding without a rebound.
0:17 of 2nd period - Mikael Granlund wins face-off versus Tyler Seguin in Red Wings zone.
0:58 of 2nd period - Slapshot by Carson Mcmillan.
0:58 of 2nd period - Stopped by Viktor Fasth without a rebound.
0:59 of 2nd period - Oleg Saprykin wins face-off versus Niclas Bergfors in Predators zone.
1:00 of 2nd period - Snap shot by Jiri Hudler.
1:00 of 2nd period - Stopped by Viktor Fasth with a rebound.
1:06 of 2nd period - Slapshot by Carson Mcmillan.
1:06 of 2nd period - Shot Blocked by John Moore.
2:06 of 2nd period - Wrist shot by Chris Kelly.
2:06 of 2nd period - Shot Misses the Net.
2:08 of 2nd period - Snap shot by Michael Haley.
2:08 of 2nd period - Stopped by Viktor Fasth with a rebound.
2:10 of 2nd period - Slapshot by Chris Kelly.
2:10 of 2nd period - Stopped by Viktor Fasth with a rebound.
3:37 of 2nd period - Michal Rozsival is hit by Oleg Saprykin and loses puck.
4:19 of 2nd period - Icing by Jiri Fischer.
4:20 of 2nd period - Andy Miele wins face-off versus Tim Connolly in Red Wings zone.
4:29 of 2nd period - Alexander Edler is hit by Lubomir Visnovsky and loses puck.
4:56 of 2nd period - Slapshot by Ryan Mcdonagh.
4:56 of 2nd period - Shot Blocked by Tyler Seguin.
4:58 of 2nd period - Wrist shot by Ryan Kesler.
4:58 of 2nd period - Goal by Ryan Kesler - Red Wings : 0 - Predators : 2.
4:59 of 2nd period - Mikael Granlund wins face-off versus Tim Connolly in neutral zone.
5:04 of 2nd period - Niclas Bergfors is hit by Tyler Seguin and loses puck.
5:11 of 2nd period - Snap shot by Tyler Toffoli.
5:11 of 2nd period - Stopped by Viktor Fasth without a rebound.
5:12 of 2nd period - Tyler Seguin wins face-off versus Mikael Granlund in Predators zone.
5:21 of 2nd period - Snap shot by Niclas Bergfors.
5:21 of 2nd period - Stopped by Josh Harding with a rebound.
5:37 of 2nd period - Alexander Edler is hit by Chris Kelly and loses puck.
6:39 of 2nd period - Snap shot by Alexander Ovechkin.
6:39 of 2nd period - Shot Blocked by Jiri Hudler.
6:57 of 2nd period - John Moore is hit by Jiri Hudler and loses puck.
7:04 of 2nd period - Jiri Hudler is hit by Alexander Ovechkin and loses puck.
7:09 of 2nd period - Slapshot by Mikael Granlund.
7:09 of 2nd period - Shot Misses the Net.
7:11 of 2nd period - Wrist shot by Ryan Murray.
7:11 of 2nd period - Shot Hit the Post.
7:23 of 2nd period - Slapshot by Mikael Granlund.
7:23 of 2nd period - Goal by Mikael Granlund - Red Wings : 0 - Predators : 3.
7:24 of 2nd period - Ryan Kesler wins face-off versus Tyler Seguin in neutral zone.
7:35 of 2nd period - Slapshot by Jiri Fischer.
7:35 of 2nd period - Stopped by Viktor Fasth with a rebound.
7:37 of 2nd period - Snap shot by Alex Picard.
7:37 of 2nd period - Stopped by Viktor Fasth with a rebound.
7:39 of 2nd period - Slapshot by Anton Volchenkov.
7:39 of 2nd period - Red Wings goal is going for a video replay.
7:39 of 2nd period - The goal is good.
7:39 of 2nd period - Goal by Anton Volchenkov - Red Wings : 1 - Predators : 3.
7:40 of 2nd period - Ryan Kesler wins face-off versus Tyler Seguin in neutral zone.
7:42 of 2nd period - Minor Penalty to Byron Bitz for Tripping.
7:43 of 2nd period - Chris Kelly wins face-off versus Ryan Kesler in Predators zone.
7:48 of 2nd period - Minor Penalty to Alexander Edler for Interference.
7:49 of 2nd period - Tyler Seguin wins face-off versus Brendan Gallagher in Predators zone.
7:51 of 2nd period - Snap shot by Chris Kelly.
7:51 of 2nd period - Deflect By John Moore.
7:51 of 2nd period - Stopped by Viktor Fasth without a rebound.
7:52 of 2nd period - Brendan Gallagher wins face-off versus Tyler Seguin in Predators zone.
8:21 of 2nd period - Wrist shot by Alex Picard.
8:21 of 2nd period - Goal by Alex Picard - Red Wings : 2 - Predators : 3.
8:22 of 2nd period - Tyler Seguin wins face-off versus Ryan Kesler in neutral zone.
9:04 of 2nd period - Philip Samuelsson is hit by Brendan Gallagher and loses puck.
9:09 of 2nd period - Wrist shot by Andy Miele.
9:09 of 2nd period - Shot Misses the Net.
9:11 of 2nd period - Slapshot by John Moore.
9:11 of 2nd period - Stopped by Josh Harding with a rebound.
9:17 of 2nd period - Minor Penalty to Philip Samuelsson for Hooking.
9:18 of 2nd period - Mikael Granlund wins face-off versus Tyler Seguin in Red Wings zone.
9:48 of 2nd period - Penalty to Alexander Edler is over, Alexander Edler is back on ice.
10:21 of 2nd period - Lubomir Visnovsky is hit by Michal Rozsival and loses puck.
10:58 of 2nd period - Snap shot by Alexander Edler.
10:58 of 2nd period - Shot Blocked by Oleg Saprykin.
11:14 of 2nd period - Snap shot by Alexander Edler.
11:14 of 2nd period - Stopped by Josh Harding with a rebound.
11:17 of 2nd period - Penalty to Philip Samuelsson is over, Philip Samuelsson is back on ice.
11:38 of 2nd period - Wrist shot by Mikael Granlund.
11:38 of 2nd period - Goal by Mikael Granlund - Red Wings : 2 - Predators : 4.
11:39 of 2nd period - Ryan Kesler wins face-off versus Tim Connolly in neutral zone.
11:48 of 2nd period - Slapshot by Ryan Kesler.
11:48 of 2nd period - Shot Hit the Post.
11:50 of 2nd period - Slapshot by Ryan Murray.
11:50 of 2nd period - Stopped by Josh Harding with a rebound.
11:52 of 2nd period - Wrist shot by Ryan Kesler.
11:52 of 2nd period - Shot Misses the Net.
11:54 of 2nd period - Wrist shot by James Van Riemsdyk.
11:54 of 2nd period - Shot Misses the Net.
12:15 of 2nd period - Snap shot by Chris Kelly.
12:15 of 2nd period - Stopped by Viktor Fasth without a rebound.
12:16 of 2nd period - Ryan Kesler wins face-off versus Tim Connolly in Predators zone.
12:27 of 2nd period - Jiri Fischer is hit by Byron Bitz and loses puck.
13:13 of 2nd period - Scott Laughton is hit by Tyler Seguin and loses puck.
13:26 of 2nd period - Ryan Kesler is hit by Tim Connolly and loses puck.
13:57 of 2nd period - Slapshot by Chris Lawrence.
13:57 of 2nd period - Stopped by Josh Harding with a rebound.
14:14 of 2nd period - Icing by Alexander Edler.
14:15 of 2nd period - Ryan Kesler wins face-off versus Ales Hemsky in Predators zone.
14:48 of 2nd period - Slapshot by Carson Mcmillan.
14:48 of 2nd period - Shot Misses the Net.
15:04 of 2nd period - Tim Connolly is hit by Mikael Granlund and loses puck.
15:37 of 2nd period - Tyler Seguin is hit by James Van Riemsdyk and loses puck.
15:56 of 2nd period - Ole-Kristian Tollefsen is hit by Andy Miele and loses puck.
16:09 of 2nd period - Ole-Kristian Tollefsen is hit by Alexander Steen.
16:19 of 2nd period - Jiri Hudler is hit by John Moore and loses puck.
16:34 of 2nd period - Oleg Saprykin is hit by John Moore and loses puck.
16:59 of 2nd period - Icing by Alex Picard.
17:00 of 2nd period - Mikael Granlund wins face-off versus Tim Connolly in Red Wings zone.
17:05 of 2nd period - Wrist shot by Alexander Ovechkin.
17:05 of 2nd period - Shot Misses the Net.
17:13 of 2nd period - Minor Penalty to Michal Rozsival for Tripping.
17:14 of 2nd period - Ryan Kesler wins face-off versus Tyler Seguin in Predators zone.
17:39 of 2nd period - John Moore is hit by Alex Picard and loses puck.
19:13 of 2nd period - Penalty to Michal Rozsival is over, Michal Rozsival is back on ice.
19:59 of 2nd period - Off-side.
Goals for this period are 2 for Red Wings vs 3 for Predators.
Shots for this period are 11 for Red Wings vs 12 for Predators.
3rd period
0:01 of 3rd period - Tyler Seguin wins face-off versus Mikael Granlund in neutral zone.
0:06 of 3rd period - Slapshot by Ole-Kristian Tollefsen.
0:06 of 3rd period - Deflect By Ales Hemsky.
0:06 of 3rd period - Shot Blocked by Niclas Bergfors.
0:06 of 3rd period - Puck is out of play.
0:07 of 3rd period - Mikael Granlund wins face-off versus Alex Picard in Predators zone.
0:14 of 3rd period - Snap shot by Niclas Bergfors.
0:14 of 3rd period - Shot Blocked by Tyler Seguin.
0:32 of 3rd period - Slapshot by Ryan Mcdonagh.
0:32 of 3rd period - Deflect By Ryan Kesler.
0:32 of 3rd period - Shot Misses the Net.
0:32 of 3rd period - Puck is out of play.
0:33 of 3rd period - Ryan Kesler wins face-off versus Tim Connolly in Red Wings zone.
0:57 of 3rd period - Snap shot by Alexander Ovechkin.
0:57 of 3rd period - Shot Misses the Net.
0:59 of 3rd period - Snap shot by Ryan Mcdonagh.
0:59 of 3rd period - Stopped by Josh Harding with a rebound.
1:01 of 3rd period - Snap shot by Alexander Ovechkin.
1:01 of 3rd period - Shot Misses the Net.
1:03 of 3rd period - Snap shot by Alexander Ovechkin.
1:03 of 3rd period - Shot Blocked by Michael Haley.
1:05 of 3rd period - Snap shot by Mikael Granlund.
1:05 of 3rd period - Stopped by Josh Harding without a rebound.
1:06 of 3rd period - Tim Connolly wins face-off versus Ryan Kesler in Red Wings zone.
1:15 of 3rd period - Slapshot by Philip Samuelsson.
1:15 of 3rd period - Stopped by Viktor Fasth with a rebound.
1:17 of 3rd period - Snap shot by Tyler Toffoli.
1:17 of 3rd period - Shot Misses the Net.
1:19 of 3rd period - Slapshot by Philip Samuelsson.
1:19 of 3rd period - Stopped by Viktor Fasth with a rebound.
1:21 of 3rd period - Snap shot by Tyler Seguin.
1:21 of 3rd period - Shot Misses the Net.
1:56 of 3rd period - Alexander Steen is hit by Alex Picard and loses puck.
2:17 of 3rd period - Snap shot by Justin Abdelkader.
2:17 of 3rd period - Stopped by Josh Harding with a rebound.
2:19 of 3rd period - Snap shot by Alexander Edler.
2:19 of 3rd period - Shot Blocked by Alex Picard.
2:29 of 3rd period - Ryan O'Byrne is hit by Ryan Murray and loses puck.
2:44 of 3rd period - Byron Bitz is hit by Brent Seabrook and loses puck.
3:05 of 3rd period - Brent Seabrook is hit by Ryan Murray and loses puck.
3:10 of 3rd period - Snap shot by James Van Riemsdyk.
3:10 of 3rd period - Shot Blocked by Michael Haley.
3:12 of 3rd period - Slapshot by John Moore.
3:12 of 3rd period - Stopped by Josh Harding with a rebound.
3:14 of 3rd period - Snap shot by Byron Bitz.
3:14 of 3rd period - Stopped by Josh Harding with a rebound.
3:16 of 3rd period - Wrist shot by James Van Riemsdyk.
3:16 of 3rd period - Stopped by Josh Harding with a rebound.
3:18 of 3rd period - Snap shot by Byron Bitz.
3:18 of 3rd period - Stopped by Josh Harding without a rebound.
3:19 of 3rd period - Mikael Granlund wins face-off versus Tyler Seguin in Red Wings zone.
3:28 of 3rd period - Snap shot by Alexander Ovechkin.
3:28 of 3rd period - Deflect By Mikael Granlund.
3:28 of 3rd period - Goal by Mikael Granlund - Red Wings : 2 - Predators : 5.
3:28 of 3rd period - James Reimer enters game.
3:29 of 3rd period - Mikael Granlund wins face-off versus Tyler Seguin in neutral zone.
3:45 of 3rd period - Slapshot by Ales Hemsky.
3:45 of 3rd period - Shot Blocked by Ryan Mcdonagh.
3:58 of 3rd period - Off-side.
3:59 of 3rd period - Tim Connolly wins face-off versus Ryan Kesler in neutral zone.
3:59 of 3rd period - Anton Volchenkov is hit by Ryan Murray and loses puck.
4:08 of 3rd period - Snap shot by Byron Bitz.
4:08 of 3rd period - Stopped by James Reimer with a rebound.
4:10 of 3rd period - Wrist shot by James Van Riemsdyk.
4:10 of 3rd period - Stopped by James Reimer without a rebound.
4:11 of 3rd period - Tim Connolly wins face-off versus Mikael Granlund in Red Wings zone.
4:20 of 3rd period - Wrist shot by Tim Connolly.
4:20 of 3rd period - Shot Blocked by Alexander Ovechkin.
4:25 of 3rd period - Off-side.
4:26 of 3rd period - Mikael Granlund wins face-off versus Tyler Seguin in neutral zone.
4:34 of 3rd period - Slapshot by Philip Samuelsson.
4:34 of 3rd period - Stopped by Viktor Fasth with a rebound.
4:40 of 3rd period - Slapshot by Ales Hemsky.
4:40 of 3rd period - Shot Misses the Net.
4:52 of 3rd period - Tyler Toffoli is hit by Byron Bitz.
5:59 of 3rd period - Snap shot by Alex Picard.
5:59 of 3rd period - Shot Blocked by James Van Riemsdyk.
6:01 of 3rd period - Snap shot by Alex Picard.
6:01 of 3rd period - Shot Misses the Net.
6:29 of 3rd period - Ryan Murray is hit by Jiri Hudler and loses puck.
7:02 of 3rd period - Ryan Kesler is hit by Michael Haley and loses puck.
7:13 of 3rd period - Ryan Kesler is hit by Brent Seabrook and loses puck.
8:20 of 3rd period - Ryan Murray is hit by Tyler Toffoli.
9:01 of 3rd period - Slapshot by Alexander Edler.
9:01 of 3rd period - Stopped by James Reimer with a rebound.
9:07 of 3rd period - Tyler Seguin is hit by Alexander Edler and loses puck.
9:25 of 3rd period - Slapshot by Alexander Ovechkin.
9:25 of 3rd period - Shot Misses the Net.
9:27 of 3rd period - Snap shot by Niclas Bergfors.
9:27 of 3rd period - Deflect By Alexander Ovechkin.
9:27 of 3rd period - Stopped by James Reimer without a rebound.
9:28 of 3rd period - Oleg Saprykin wins face-off versus Ryan Kesler in Red Wings zone.
9:28 of 3rd period - Oleg Saprykin is hit by Ryan Mcdonagh.
9:36 of 3rd period - Wrist shot by Oleg Saprykin.
9:36 of 3rd period - Shot Misses the Net.
9:38 of 3rd period - Snap shot by Carson Mcmillan.
9:38 of 3rd period - Shot Blocked by Byron Bitz.
10:40 of 3rd period - Wrist shot by Ryan Kesler.
10:40 of 3rd period - Stopped by James Reimer with a rebound.
10:42 of 3rd period - Snap shot by Byron Bitz.
10:42 of 3rd period - Stopped by James Reimer with a rebound.
10:44 of 3rd period - Slapshot by Dmitri Kalinin.
10:44 of 3rd period - Shot Blocked by Tim Connolly.
10:58 of 3rd period - Michal Rozsival is hit by Michael Haley.
11:22 of 3rd period - Snap shot by Chris Lawrence.
11:22 of 3rd period - Stopped by James Reimer with a rebound.
12:52 of 3rd period - Backhand shot by Ryan Kesler.
12:52 of 3rd period - Shot Blocked by Ryan O'Byrne.
13:31 of 3rd period - Slapshot by Ryan Mcdonagh.
13:31 of 3rd period - Shot Blocked by Jiri Fischer.
13:35 of 3rd period - Snap shot by Ryan Mcdonagh.
13:35 of 3rd period - Shot Blocked by Ales Hemsky.
13:37 of 3rd period - Snap shot by Andy Miele.
13:37 of 3rd period - Shot Misses the Net.
13:39 of 3rd period - Slapshot by Alexander Edler.
13:39 of 3rd period - Stopped by James Reimer without a rebound.
13:40 of 3rd period - Chris Kelly wins face-off versus Mikael Granlund in Red Wings zone.
13:45 of 3rd period - Wrist shot by Michael Haley.
13:45 of 3rd period - Deflect By Niclas Bergfors.
13:45 of 3rd period - Shot Blocked by Mikael Granlund.
13:45 of 3rd period - Puck is out of play.
13:46 of 3rd period - Mikael Granlund wins face-off versus Chris Kelly in Predators zone.
14:02 of 3rd period - Minor Penalty to Mikael Granlund for Tripping.
14:03 of 3rd period - Tyler Seguin wins face-off versus Ryan Kesler in Predators zone.
14:04 of 3rd period - Snap shot by Chris Kelly.
14:04 of 3rd period - Stopped by Viktor Fasth without a rebound.
14:05 of 3rd period - Ryan Kesler wins face-off versus Tyler Seguin in Predators zone.
16:02 of 3rd period - Penalty to Mikael Granlund is over, Mikael Granlund is back on ice.
16:08 of 3rd period - Icing by Mikael Granlund.
16:09 of 3rd period - Ryan Kesler wins face-off versus Oleg Saprykin in Predators zone.
16:31 of 3rd period - Anton Volchenkov is hit by John Moore and loses puck.
16:52 of 3rd period - Snap shot by Anton Volchenkov.
16:52 of 3rd period - Stopped by Viktor Fasth with a rebound.
16:54 of 3rd period - Wrist shot by Jiri Hudler.
16:54 of 3rd period - Shot Misses the Net.
16:56 of 3rd period - Wrist shot by Michael Haley.
16:56 of 3rd period - Shot Blocked by Michal Rozsival.
16:58 of 3rd period - Slapshot by Anton Volchenkov.
16:58 of 3rd period - Stopped by Viktor Fasth without a rebound.
16:59 of 3rd period - Chris Kelly wins face-off versus Ryan Kesler in Predators zone.
17:00 of 3rd period - Slapshot by Brent Seabrook.
17:00 of 3rd period - Shot Blocked by Ryan Mcdonagh.
17:13 of 3rd period - Off-side.
17:14 of 3rd period - Alexander Ovechkin wins face-off versus Tyler Seguin in neutral zone.
17:23 of 3rd period - Wrist shot by Alexander Ovechkin.
17:23 of 3rd period - Stopped by James Reimer without a rebound.
17:24 of 3rd period - Mikael Granlund wins face-off versus Tyler Seguin in Red Wings zone.
17:29 of 3rd period - Snap shot by Mikael Granlund.
17:29 of 3rd period - Goal by Mikael Granlund - Red Wings : 2 - Predators : 6.
17:30 of 3rd period - Mikael Granlund wins face-off versus Tyler Seguin in neutral zone.
17:41 of 3rd period - Slapshot by Alexander Ovechkin.
17:41 of 3rd period - Stopped by James Reimer with a rebound.
18:02 of 3rd period - Ryan Mcdonagh is hit by Ryan O'Byrne and loses puck.
18:14 of 3rd period - Minor Penalty to Byron Bitz for Hooking.
18:15 of 3rd period - Ryan Kesler wins face-off versus Tyler Seguin in Predators zone.
18:23 of 3rd period - Wrist shot by Ales Hemsky.
18:23 of 3rd period - Shot Misses the Net.
18:25 of 3rd period - Slapshot by Philip Samuelsson.
18:25 of 3rd period - Shot Misses the Net.
18:31 of 3rd period - Slapshot by Ole-Kristian Tollefsen.
18:31 of 3rd period - Deflect By Ryan Kesler.
18:31 of 3rd period - Stopped by Viktor Fasth with a rebound.
19:51 of 3rd period - Tyler Toffoli is hit by John Moore and loses puck.
Goals for this period are 0 for Red Wings vs 2 for Predators.
Shots for this period are 7 for Red Wings vs 19 for Predators.
Back to the Top